 Dungeon Crawl Stone Soup version 0.24.1-11-gbbbb2193e6 (webtiles) character file.

Game seed: 18025612396889157234, levelgen mode: deterministic

56 Hugehornet the Insei (level 3, -4/23 HPs)
             Began as an Octopode Transmuter on May 10, 2020.
             Killed from afar by a kobold (10 damage)
             ... with a puff of flame
             ... on level 2 of the Dungeon.
             The game lasted 00:01:39 (1583 turns).

Hugehornet the Insei (Octopode Transmuter)          Turns: 1583, Time: 00:01:40

Health: -4/23      AC:  1    Str:  9    XL:     3   Next: 97%
Magic:  6/6        EV: 13    Int: 16    God:
Gold:   86         SH:  0    Dex: 12    Spells: 1/7 levels left

rFire    . . .     SeeInvis .     - Unarmed
rCold    . . .     Gourm    .   (no shield)
rNeg     . . .     Faith    .   (helmet restricted)
rPois    .         Spirit   .   (no amulet)
rElec    .         Reflect  .   (no ring)
rCorr    .         Harm     .   (no ring)
MR       .....                  (no ring)
Stlth    ++........             (no ring)
HPRegen  0.07/turn              (no ring)
MPRegen  0.10/turn              (no ring)
                                (no ring)
                                (no ring)

@: appendage (expiring)
A: almost no armour, stealthy swim, amphibious, 8 rings, constrict 8, tentacle
spike 3, camouflage 1, gelatinous body 1
a: End Transformation


You were on level 2 of the Dungeon.
You were not hungry.
One of your tentacles had a temporary spike.
You visited 1 branch of the dungeon, and saw 2 of its levels.

You collected 86 gold pieces.

Inventory:

Missiles
 a - 12 arrows
Jewellery
 g - an uncursed ring of protection from magic {unknown}
Scrolls
 b - a scroll of random uselessness {unknown}
 e - 3 scrolls of blinking {unknown}
 f - 4 scrolls of identify {unknown}
 h - a scroll of remove curse {unknown}
 i - a scroll of enchant armour {unknown}
 m - a scroll of noise {unknown}
Potions
 d - a potion of berserk rage {unknown}
 j - a potion of might {unknown}
 k - a potion of magic {unknown}
 l - a potion of ambrosia {unknown}
Comestibles
 c - 3 rations


   Skills:
 - Level 1.0 Fighting
 - Level 2.0 Dodging
 + Level 3.1 Unarmed Combat
 + Level 2.6 Spellcasting
 - Level 3.0 Transmutations
 * Level 1.6 Poison Magic


You had one spell level left.
You knew the following spells:

 Your Spells              Type           Power        Failure   Level  Hunger
a - Beastly Appendage     Tmut           ##....       5%          1    #......
b - Sticks to Snakes      Tmut           ##......     9%          2    ##.....
c - Spider Form           Tmut/Pois      #.........   22%         3    ###....

Your spell library contained the following spells:

 Spells                   Type           Power        Failure   Level  Hunger
 Ice Form                 Ice/Tmut       #.......     71%         4    #####..
 Blade Hands              Tmut           ##........   83%         5    ######.


Dungeon Overview and Level Annotations

Branches:
Dungeon (2/15)

Altars:


Innate Abilities, Weirdness & Mutations

You cannot wear most types of armour.
You are very stealthy in the water. (Stealth+)
You are amphibious.
You can wear up to eight rings at the same time.
You can use your tentacles to constrict eight enemies at once.
Your skin changes colour to match your surroundings (Stealth+).
Your rubbery body absorbs attacks. (AC +1, EV +1)
One of your tentacles bears a large vicious spike.


Message History

The hobgoblin shouts!
A bat comes into view.
The kobold throws a stone.
The stone misses you.
You barely miss the goblin. You grab the goblin.
You pierce the goblin.
You kill the goblin!
The kobold throws a stone.
The stone misses you.
A dart slug comes into view.
The kobold hits you with a +0 club.
You see here a goblin corpse.
You see here a stone.
You see here a stone.
The hobgoblin closely misses you.
There is an open door here.
You see here a stone.
You see here a stone.
The kobold hits you with a +0 club.
* * * LOW HITPOINT WARNING * * *
Your transformation is almost over.
The kobold zaps a wand.
The puff of flame hits you!
You die...

#..........##......# #..
#........>)''......+ +..
#..........##......# #..
#..........##..†...# #..
#..........##......# #..
#..........##......#######
#########'#.+......##.....
#.#.#......##.....
#@#...#######.....
#.##........#.....
#.Kg.######.#..[.. ###b(#
#.#..... ##(## #.######
#(w# #.##### #..# #.....##
#w.# #####.#. #..# #.#.


You could see a dart slug, a bat and a kobold.

Vanquished Creatures
  An adder (D:2)
  A gnoll (D:1)
  A dart slug (D:1)
  A leopard gecko (D:2)
  3 giant cockroaches
  5 hobgoblins
  2 bats
  2 frilled lizards (D:2)
  11 goblins
  5 rats
32 creatures vanquished.

Notes
Turn   | Place    | Note
-------+----------+-------------------------------------------
     0 | D:1      | Hugehornet the Octopode Transmuter began the quest for the
                  | Orb.
     0 | D:1      | Reached XP level 1. HP: 13/13 MP: 3/3
   207 | D:1      | Reached XP level 2. HP: 18/18 MP: 3/5
   211 | D:1      | Learned a level 2 spell: Sticks to Snakes
   712 | D:1      | Reached XP level 3. HP: 23/23 MP: 4/6
   717 | D:1      | Learned a level 3 spell: Spider Form
  1207 | D:2      | Reached skill level 1 in Poison Magic
  1583 | D:2      | Killed from afar by a kobold

Levels and vault maps discovered:
D:1:      shiori_arrival_oz, layout_loops_corners
D:2:      minmay_chambers_of_twos, layout_basic, first_ration

Skill      XL: |  1  2  3 |
---------------+----------+-----
Transmutations | 3 |  3.0
Poison Magic   | 1 |  1.6
Fighting       | |  1.0
Dodging        | |  2.0
Unarmed Combat | |  3.1
Spellcasting   | |  2.6

Action                   || total
-------------------------++-------
Melee: Unarmed           ||    61
       Constrict         ||    20
       Kick              ||    18
       Tentacles         ||     7
       Punch             ||     2
 Cast: Beastly Appendage ||    27
 Stab: Sleeping          ||     5
  Eat: Chunk             ||     2
Armor: Skin              ||     4
Dodge: Dodged            ||    34
